 Dungeon Crawl Stone Soup version 0.28.0 (webtiles) character file.

Game seed: 5744898472599734020

487 Akaron the Covert (level 7, -2/45 HPs)
             Began as an Octopode Brigand on Feb 13, 2022.
             Was an Initiate of Dithmenos.
             Slain by an orc warrior (19 damage)
             ... on level 3 of the Dungeon.
             The game lasted 00:07:55 (3054 turns).

Akaron the Covert (Octopode Brigand)                Turns: 3054, Time: 00:07:55

Health: -2/45      AC:  1    Str: 10    XL:     7   Next: 13%
Magic:  7/7        EV: 13    Int: 13    God:    Dithmenos [......]
Gold:   150        SH:  0    Dex: 22    Spells: 4/6 levels left

rFire   . . .      SeeInvis .   a - +2 dagger
rCold   . . .      Faith    .   (no shield)
rNeg    . . .      Spirit   .   (helmet restricted)
rPois   +          Reflect  .   (no amulet)
rElec   .          Harm     .   i - ring of poison resistance
rCorr   .          Rampage  .   l - +6 ring of dexterity
Will    +....                   m - ring of willpower
Stlth   ++++++....              (no ring)
HPRegen 0.15/turn               (no ring)
MPRegen 0.10/turn               (no ring)
                                (no ring)
                                (no ring)

@: no status effects
A: almost no armour, amphibious, 8 rings, camouflage 1, gelatinous body 1,
(nimble swimmer 1), tentacles
a: Renounce Religion


You were on level 3 of the Dungeon.
You worshipped Dithmenos.
Dithmenos was noncommittal.
You visited 2 branches of the dungeon, and saw 6 of its levels.

You collected 150 gold pieces.

Inventory:

Hand Weapons
 a - a +2 dagger (weapon)
Missiles
 b - 6 poisoned darts (quivered)
 c - 2 curare-tipped darts
Jewellery
 i - a ring of poison resistance (left tentacle)
 l - a +6 ring of dexterity (right tentacle)
 m - a ring of willpower (on tentacle)
Wands
 n - a wand of iceblast (10)
Scrolls
 d - 5 scrolls of identify
 h - a scroll of enchant weapon {unknown}
 p - a scroll of teleportation {unknown}
 q - a scroll of fog {unknown}
 r - 2 scrolls of magic mapping {unknown}
 u - a scroll of torment {unknown}
Potions
 e - 4 potions of curing
 f - a potion of attraction {unknown}
 g - a potion of brilliance {unknown}
 j - a potion of berserk rage {unknown}
 k - a potion of lignification {unknown}
 o - a potion of mutation {unknown}
 s - 2 potions of might {unknown}
 t - a potion of flight {unknown}


   Skills:
 + Level 2.6 Fighting
 + Level 3.6 Short Blades
 + Level 2.1 Throwing
 + Level 1.8 Dodging
 + Level 9.0 Stealth
 * Level 2.7 Transmutations


You had 4 spell levels left.
You knew the following spells:

 Your Spells              Type           Power      Damage    Failure   Level
a - Wereblood             Tmut           7%         N/A       16%         2

Your spell library contained the following spells:

 Spells                   Type           Power      Damage    Failure   Level
 Beastly Appendage        Tmut           14%        N/A       11%         1
 Freeze                   Ice            0%         1d3       30%         1
 Corpse Rot               Necr/Air       0%         N/A       43%         2
 Spider Form              Tmut/Pois      3%         N/A       47%         3
 Frozen Ramparts          Ice            0%         1d2       67%         3
 Dispel Undead            Necr           0%         3d6       97%         4
 Hailstorm                Conj/Ice       0%         3d3       97%         4
 Death Channel            Necr           0%         N/A       100%        6


Dungeon Overview and Level Annotations

Branches:
Dungeon (5/15)             Temple (1/1) D:4

Altars:
Cheibriados
Dithmenos
Elyvilon
Gozag
Hepliaklqana
Makhleb
Nemelex Xobeh
Okawaru
Qazlal
Ru
Trog
Uskayaw
Vehumet
Yredelemnul
The Shining One

Shops:
D:1 :

Annotations:
D:4 3 runed translucent doors, Akaron's ghost, amateur OpTm
D:5 Pikel


Innate Abilities, Weirdness & Mutations

You cannot wear most types of armour.
You are amphibious.
You can wear up to eight rings at the same time.
Your skin changes colour to match your surroundings (Stealth+).
Your rubbery body absorbs attacks. (AC +1, EV +1)
((You are camouflaged when in or above water. (Stealth+)))
You have tentacles for arms and can constrict up to eight enemies at once.


Message History

You constrict the orc warrior, but do no damage.
The orc hits you with a +0 club. The orc warrior misses you.
You hit the orc warrior.
The orc warrior is moderately wounded.
You constrict the orc warrior. The orc closely misses you.
You hit the orc warrior but do no damage.
You squeeze the orc warrior, but do no damage.
The orc warrior is moderately wounded.
You constrict the orc warrior.
The orc warrior hits you with a +0 dire flail!
The orc hits you with a +0 club.
* * * LOW HITPOINT WARNING * * *
You release your grip on the orc warrior.
Okay, then.
Aiming: Iceblast
Press: ? - help, Shift-Dir - straight line
Okay, then.
You see here a hound corpse.
A bullfrog skeleton comes into view.
A lemure comes into view.
Found a knobbly jewelled staff.
A hound comes into view.
Found a fuming clear potion and a robe.
Found an escape hatch in the ceiling.
Pikel, Merchant of Souls comes into view.
He is wielding a +0 whip of flaming.
Found a stone staircase leading up. 3 lemures come into view.
The orc warrior misses you.
There is a stone staircase leading up here.
The orc warrior closely misses you.
You climb upwards.
Level annotation: 3 runed translucent doors, Akaron's ghost, amateur OpTm
There is a stone staircase leading down here.
There is a stone staircase leading up here.
The orc warrior hits you with a +0 dire flail!
* * * LOW HITPOINT WARNING * * *
You climb upwards.
There is a stone staircase leading down here.
The orc warrior misses you.
The orc warrior hits you with a +0 dire flail!!
You die...

.###...##...##....##.#.# #####
.......................###...#
.###.#...#...................#
.##.....##...................##
..<...#.##....................#
..#...#..#....................#
..............................#
..#...####.......o............#
..#...# #......@..<..........#
..#...# #....................#
..#...####...................##
#####.................#>....##
......########.##.........###
.###### ####.............#
##########.#######........#
#........##.....##.......#
##.######.#.......#.......#


You could see an orc warrior.

Vanquished Creatures
  A black bear (D:4)
  Blork the orc (D:4)
  A scorpion (D:4)
  A water moccasin skeleton (D:4)
  3 hounds
  An orc wizard (D:4)
  5 adders
  A worm (D:4)
  2 dart slugs
  5 orcs
  7 endoplasms
  3 giant cockroaches
  10 goblins
  2 hobgoblins
  2 kobolds (D:3)
  2 quokkas
  11 ball pythons
  4 bats
  A frilled lizard (D:1)
  6 rats
69 creatures vanquished.

Notes
Turn   | Place    | Note
-------+----------+-------------------------------------------
     0 | D:1      | Akaron the Octopode Brigand began the quest for the Orb.
     0 | D:1      | Reached XP level 1. HP: 14/14 MP: 1/1
   157 | D:1      | Reached XP level 2. HP: 13/19 MP: 2/2
   344 | D:1      | Found Bafopul's Book Emporium.
   388 | D:1      | Reached skill level 6 in Stealth
   640 | D:1      | Reached XP level 3. HP: 24/24 MP: 3/3
   748 | D:1      | Found a faded altar of an unknown god.
  1508 | D:3      | Reached XP level 4. HP: 27/29 MP: 4/4
  1513 | D:3      | Learned a level 2 spell: Wereblood
  1811 | D:3      | Reached skill level 7 in Stealth
  1911 | D:4      | Found a staircase to the Ecumenical Temple.
  1953 | Temple   | Entered the Ecumenical Temple
  1995 | Temple   | Became a worshipper of Dithmenos the Shadowed
  2060 | D:4      | Noticed a scorpion
  2062 | D:4      | Found a runed translucent gate.
  2062 | D:4      | Found a runed translucent gate.
  2062 | D:4      | Found a runed translucent gate.
  2066 | D:4      | Killed a scorpion
  2067 | D:4      | Reached skill level 1 in Transmutations
  2067 | D:4      | Reached XP level 5. HP: 34/34 MP: 5/5
  2067 | D:4      | Noticed Akaron's ghost (amateur OpTm)
  2106 | D:4      | Noticed a black bear
  2311 | D:4      | Noticed Blork the orc
  2324 | D:4      | Killed Blork the orc
  2325 | D:4      | Reached skill level 8 in Stealth
  2325 | D:4      | Reached XP level 6. HP: 35/40 MP: 6/6
  2784 | D:4      | Killed a black bear
  2792 | D:4      | Reached skill level 9 in Stealth
  2792 | D:4      | Reached XP level 7. HP: 26/45 MP: 7/7
  2817 | D:5      | Entered Level 5 of the Dungeon
  2969 | D:5      | Noticed Pikel
  3054 | D:3      | Slain by an orc warrior

Illustrated notes

Levels and vault maps discovered:
D:1:      elethiomel_arrival_maze, layout_rooms,
          shapermc_ecumenical_altar_pompeii, serial_shops, shop
D:2:      layout_basic
D:3:      layout_rooms, grunt_ministairs_10
D:4:      layout_rooms, xom_butterflies, marbit_many_paths,
          minmay_temple_entry_purple_smoke, serial_shops, kennysheep_mini_moat,
          ebering_ghost_rock_garden, st_stairs_11, uniq_blork_the_orc
D:5:      layout_rooms, uniq_pikel, uniq_duvessa, uniq_eustachio
Temple:   eino_wide_crystal_templ

Skill      XL: |  1  2  3  4  5  6 |
---------------+-------------------+-----
Stealth        | 6 7 8 9 |  9.0
Short Blades   | 3 |  3.6
Transmutations | 1 2 |  2.7
Fighting       | |  2.6
Throwing       | |  2.1
Dodging        | |  1.8

Action                   |  1- 3 |  4- 6 |  7- 9 || total
-------------------------+-------+-------+-------++-------
Melee: Dagger            |    54 |    67 |    18 ||   139
       Tentacles         |     9 |    14 |     8 ||    31
       Constrict         |    10 |    14 |     5 ||    29
       Punch             |     1 |     1 |       ||     2
Throw: Dart              |       |     7 |       ||     7
  Use: Scroll            |     1 |       |       ||     1
 Stab: Sleeping          |    19 |    10 |     1 ||    30
Armor: Skin              |     2 |       |       ||     2
Dodge: Dodged            |    17 |    32 |    10 ||    59
